 Dungeon Crawl Stone Soup version 0.31-a0-692-gf03d1854d5 (webtiles) character file.

Game seed: 12888243419394870004

381 qw the Shooter (level 6, -2/39 HPs)
             Began as a Gargoyle Hunter on Sept 6, 2023.
             Slain by an orc
             ... wielding a +0 flail
              (7 damage)
             ... on level 5 of the Dungeon.
             The game lasted 00:01:09 (3340 turns).

qw the Shooter (Gargoyle Hunter)                    Turns: 3340, Time: 00:01:10

Health: -2/39      AC:  6    Str: 15    XL:     6   Next: 75%
Magic:  6/6        EV: 12    Int:  9    God:
Gold:   134        SH:  0    Dex: 15    Spells: 5/5 levels left

rFire   . . .        Y - +0 shortbow
rCold   . . .        (shield currently unavailable)
rNeg    + . .        a - +0 robe {Will+}
rPois   inf          (no helmet)
rElec   +            (no cloak)
rCorr   +            (no gloves)
SInv    +            (no boots)
Will    +....        (no amulet)
Stlth   ++           d - ring of resist corrosion
HPRegen 0.26/turn    j - ring "Enuh" {Wiz SInv}
MPRegen 0.10/turn

%: wizardry (x1)
@: no status effects
A: sickness immunity, AC +4, negative energy resistance 1, electricity
resistance, torment resistance 1, petrification resistance
a: no special abilities


You were on level 5 of the Dungeon.
You visited 1 branch of the dungeon, and saw 5 of its levels.

You collected 134 gold pieces.


Innate Abilities, Weirdness & Mutations

You are immune to sickness and miasma.
Your stone body is resilient. (AC +4)
You are immune to poison.
You resist negative energy. (rN+)
You are resistant to electric shocks. (rElec)
You are resistant to unholy torment.
You are immune to petrification.


   Skills:
 - Level 4.6 Fighting
 + Level 6.7 Ranged Weapons
 - Level 1.1 Armour
 - Level 1.5 Dodging
 - Level 1.1 Stealth


You had 5 spell levels left.
You didn't know any spells.
Your spell library was empty.

Inventory:

Hand Weapons
 Y - a +0 shortbow (weapon)
Armour
 a - a +0 robe of willpower (worn)
 e - a +0 ring mail
Jewellery
 d - a ring of resist corrosion (left hand)
 i - a ring of fire
 j - the ring "Enuh" (right hand) {Wiz SInv}
   (You found it on level 2 of the Dungeon)

   [ring of wizardry]

   Wiz:       It improves your spell success rate.
   SInv:      It lets you see invisible.
Scrolls
 f - a scroll of identify
 l - a scroll of revelation {unknown}
Potions
 b - 2 potions of curing
 c - a potion of might {unknown}
 g - a potion of haste {unknown}
 h - a potion of berserk rage {unknown}
 k - a potion of heal wounds {unknown}
 m - a potion of lignification {unknown}

Dungeon Overview and Level Annotations

Branches:
Dungeon (5/15)
 Temple: D:4-7

Altars:
Elyvilon
Ru
Vehumet
The Shining One


Message History

You shoot an arrow. The arrow hits the black bear.
The black bear is severely wounded.
The black bear closely misses you. x2; The black bear barely misses you.
An orc comes into view. It is wielding a +0 short sword.
The black bear bites you. The black bear closely misses you.
The black bear claws you.
You shoot an arrow. The arrow barely misses the black bear.
The orc shouts!
You hear a shout! x2
The black bear bites you. The black bear misses you.
The black bear claws you but does no damage.
An orc comes into view. It is wielding a +0 club.
You shoot an arrow.
The arrow closely misses the black bear.
The black bear barely misses you. The black bear claws you.
The black bear misses you.
An orc comes into view. It is wielding a +0 dagger.
You shoot an arrow. The arrow hits the black bear.
The black bear is severely wounded.
The black bear bites you.
The black bear claws you but does no damage.
The black bear closely misses you.
You shoot an arrow.
The arrow hits the black bear but does no damage.
The black bear is severely wounded.
An orc comes into view. It is wielding a +0 club.
The black bear bites you but does no damage.
The black bear claws you. The black bear barely misses you.
You shoot an arrow. The orc shouts!
The arrow hits the black bear.
The black bear is almost dead.
You hear a distant slurping noise.
The black bear goes berserk!
An orc comes into view. It is wielding a +0 club.
You shoot an arrow. The arrow hits the black bear.
You kill the black bear!
You shoot an arrow. The arrow barely misses the orc.
The orc hits you with a +0 flail!
You die...

###########
####.........#
#...#..#####
##########..###.##
..#......#.##
##.####.###
#.#.####..##
##........ #.#.#
#.#.# ##.####.###
##.#.##
#.#..###.##
......# #.#...#.@#
##.#..#
#.####...oo.o..#
#.#..###.#
#.#####o.##
..#......# #.# o.
#####.##### #.
##.#.## #
##.###.## ##.##
##.## #.## ##.#


You could see 5 orcs.

Vanquished Creatures
  A black bear (D:5)
  An ogre (D:4)
  A jelly (D:5)
  Ijyb (D:3)
  3 adders
  3 gnolls (D:3)
  4 dart slugs
  6 orcs (D:3)
  5 ball pythons
  9 endoplasms
  3 giant cockroaches (D:1)
  4 goblins
  6 hobgoblins
  9 kobolds
  5 quokkas
  5 bats
  4 frilled lizards
  9 rats
79 creatures vanquished.

Notes
Turn   | Place    | Note
-------+----------+-------------------------------------------
     0 | D:1      | qw the Gargoyle Hunter began the quest for the Orb.
     0 | D:1      | Reached XP level 1. HP: 12/12 MP: 1/1
     0 | D:1      | 0 ||| qw: Version: 0.3-a-76-g4403597
     0 | D:1      | 0 ||| qw: Game counter: 191
     0 | D:1      | 0 ||| qw: Melee chars always use a shield: true
     0 | D:1      | 0 ||| qw: God list: Okawaru
     0 | D:1      | 0 ||| qw: Allow faded altars: false
     0 | D:1      | 0 ||| qw: Do Orc after clearing Dungeon:15 true
     0 | D:1      | 0 ||| qw: Do second Lair branch before Depths: true
     0 | D:1      | 0 ||| qw: Lair rune preference: random
     0 | D:1      | 0 ||| qw: Goals: Normal
     0 | D:1      | 0 ||| PLANNING D:1-11
   125 | D:1      | Reached XP level 2. HP: 17/17 MP: 2/2
   387 | D:1      | Reached XP level 3. HP: 21/21 MP: 3/3
   423 | D:1      | Reached skill level 5 in Ranged Weapons
   716 | D:1      | 716 ||| UPGRADING to +0 ring mail.
   726 | D:1      | 726 ||| DROPPING +0 leather armour.
   727 | D:1      | 727 ||| UPGRADING to ring of resist corrosion.
   728 | D:1      | 728 ||| DRINKING 2 bubbling dark potions.
   729 | D:1      | 729 ||| DROPPING scroll of butterflies.
   730 | D:1      | 730 ||| DROPPING potion of brilliance.
   807 | D:2      | Reached skill level 1 in Armour
   976 | D:2      | 976 ||| Stepping ~*~*~tactically~*~*~ (outnumbered).
   993 | D:2      | Reached XP level 4. HP: 27/27 MP: 4/4
  1027 | D:2      | Identified the ring "Enuh" {Wiz SInv}
  1279 | D:2      | Reached skill level 3 in Fighting
  1380 | D:2      | 1380 ||| UPGRADING to ring "Enuh" {Wiz SInv}.
  1381 | D:2      | 1381 ||| READING scroll labelled ISSIAF UWIEWN.
  1398 | D:2      | 1398 ||| READING scroll labelled ABOV MUSIST.
  1399 | D:2      | 1399 ||| READING 3 scrolls labelled KIEGUO WYIM.
  1400 | D:2      | 1400 ||| READING scroll labelled PEOFFYDDA.
  1401 | D:2      | 1401 ||| DROPPING 2 scrolls of blinking.
  1444 | D:3      | Found a radiant altar of Vehumet.
  1563 | D:3      | 1563 ||| Stepping ~*~*~tactically~*~*~ (outnumbered).
  1567 | D:3      | 1567 ||| FLEEEEING.
  1568 | D:3      | 1568 ||| FLEEEEING.
  1569 | D:3      | 1569 ||| FLEEEEING.
  1700 | D:3      | Found a faded altar of an unknown god.
  1884 | D:3      | Noticed Ijyb
  1897 | D:3      | Killed Ijyb
  1898 | D:3      | Reached XP level 5. HP: 13/32 MP: 5/5
  2048 | D:3      | Found a sacrificial altar of Ru.
  2187 | D:3      | Found a glowing golden altar of the Shining One.
  2254 | D:3      | Reached skill level 6 in Ranged Weapons
  2321 | D:3      | Found a white marble altar of Elyvilon.
  2674 | D:3      | 2674 ||| UPGRADING to +0 robe of willpower.
  2684 | D:3      | 2684 ||| DROPPING amulet of magic regeneration.
  2685 | D:3      | 2685 ||| READING 2 scrolls labelled XESTASTR ZOTACWAI.
  2803 | D:4      | Noticed an ogre
  2811 | D:4      | HP: 8/32 [ogre/+0 giant spiked club (7)]
  2814 | D:4      | Killed an ogre
  2815 | D:4      | Reached XP level 6. HP: 11/39 MP: 6/6
  3236 | D:4      | 3236 ||| READING scroll labelled TIKKAMUETO.
  3239 | D:4      | 3239 ||| DRINKING 2 bubbling blue potions.
  3256 | D:5      | Entered Level 5 of the Dungeon
  3323 | D:5      | Noticed a black bear
  3335 | D:5      | HP: 8/39 [black bear (2)]
  3339 | D:5      | Killed a black bear
  3340 | D:5      | Slain by an orc

Levels and vault maps discovered:
D:1:      dpeg_arrival_arbitrary_a, layout_loops_ring, kennysheep_flooded_box,
          st_stairs_3
D:2:      layout_basic, serial_forest, infiniplex_forest_clump_diagonal,
          infiniplex_forest_pool, infiniplex_forest_end_double,
          infiniplex_forest_lined_2, infiniplex_forest_clump_curved,
          infiniplex_forest_clump_diagonal, infiniplex_forest_corner_1,
          minmay_door_square
D:3:      minmay_recursive_quarters, layout_basic, overflow_temple_1_default,
          mainiacjoe_overflow_cross_hatched, general_overflow_altar,
          tso_metal_star, ebering_ecumenical_altar_petrified, uniq_ijyb
D:4:      layout_cave_pools
D:5:      layout_loops_corners, lemuel_tele_altar, gammafunk_ghost_smash

Skill      XL: |  1  2  3  4  5 |
---------------+----------------+-----
Ranged Weapons | 5 6 |  6.7
Armour         | 1 |  1.1
Fighting       | 3 4 |  4.6
Dodging        | |  1.5
Stealth        | |  1.1

Action                     |  1- 3 |  4- 6 || total
---------------------------+-------+-------++-------
   Fire: Shortbow          |   105 |   148 ||   253
    Use: Potion            |     1 |     1 ||     2
         Scroll            |       |     6 ||     6
 Armour: Leather armour    |     9 |       ||     9
         Ring mail         |    11 |    37 ||    48
         Robe              |       |    26 ||    26
  Dodge: Dodged            |    26 |    52 ||    78

Table legend:
 A = Non-vault XP
 B = Vault XP
 C = Vault XP percentage of total XP
 D = Non-vault monster count
 E = Vault monster count
 F = Vault count percentage of total count
                 A         B        C        D         E       F
            +---------+---------+-------+---------+---------+-------
      Total |     499 |      46 |   8.4 |      72 |       7 |   8.9
            +---------+---------+-------+---------+---------+-------
        D:1 |      51 |       5 |   8.9 |      30 |       3 |   9.1
        D:2 |      31 |       0 |   0.0 |      10 |       0 |   0.0
        D:3 |      90 |      41 |  31.3 |      19 |       4 |  17.4
        D:4 |     156 |       0 |   0.0 |      11 |       0 |   0.0
        D:5 |     171 |       0 |   0.0 |       2 |       0 |   0.0
            +---------+---------+-------+---------+---------+-------
